 Dungeon Crawl Stone Soup version 0.30-a0-743-gbfdf073431 (webtiles) character file.

Game seed: 13720497916828552938

99 Hubris850 the Gusty (level 4, -3/24 HPs)
             Began as a Tengu Air Elementalist on Feb 6, 2023.
             Slain by a gnoll
             ... wielding a +0 spear
              (9 damage)
             ... on level 3 of the Dungeon.
             The game lasted 00:05:56 (3200 turns).

Hubris850 the Gusty (Tengu Air Elementalist)        Turns: 3200, Time: 00:05:56

Health: -3/24      AC:  2    Str:  8    XL:     4   Next: 72%
Magic:  4/9        EV: 13    Int: 18    God:
Gold:   172        SH:  0    Dex: 20    Spells: 1/8 levels left

rFire   . . .      SeeInvis .    c - +0 dagger
rCold   . . .      Faith    .    (no shield)
rNeg    . . .      Spirit   .    a - +0 robe
rPois   .          Reflect  .    (helmet restricted)
rElec   .          Harm     .    (no cloak)
rCorr   .          Rampage  .    (no gloves)
Will    .....                    (boots unavailable)
Stlth   +++                      r - amulet of the acrobat
HPRegen 0.24/turn                f - +6 ring of dexterity
MPRegen 0.11/turn                (no ring)

@: no status effects
A: beak, talons 3
a: no special abilities


You were on level 3 of the Dungeon.
You visited 1 branch of the dungeon, and saw 3 of its levels.

You collected 172 gold pieces.

Inventory:

Hand Weapons
 c - a +0 dagger (weapon)
Missiles
 l - 11 poisoned darts
Armour
 a - a +0 robe (worn)
 k - a +0 pair of gloves
Jewellery
 f - a +6 ring of dexterity (left hand)
 r - an amulet of the acrobat (around neck)
Scrolls
 d - 2 scrolls of identify {unknown}
 g - a scroll of magic mapping {unknown}
 h - a scroll of vulnerability {unknown}
 i - 2 scrolls of teleportation {unknown}
 m - a scroll of amnesia {unknown}
 o - a scroll of silence {unknown}
 p - 2 scrolls of immolation {unknown}
Potions
 b - a potion of magic
 e - a potion of curing {unknown}
 j - 2 potions of mutation {unknown}
 n - a potion of flight {unknown}
 q - a potion of ambrosia {unknown}


   Skills:
 + Level 2.9 Dodging
 + Level 2.8 Stealth
 + Level 2.7 Spellcasting
 + Level 2.9 Conjurations
 + Level 4.7 Air Magic


You had one spell level left.
You knew the following spells:

 Your Spells              Type           Power      Damage    Failure   Level
a - Shock                 Conj/Air       64%        1d7       3%          1
b - Static Discharge      Conj/Air       32%        2-4/arc   5%          2
c - Airstrike             Air            9%         2d(2-18)  24%         4

Your spell library contained the following spells:

 Spells                   Type           Power      Damage    Failure   Level
 Swiftness                Air            19%        N/A       8%          3
 Ignite Poison            Fire/Tmut/Pois 2%         N/A       45%         3
 Sticky Flame             Conj/Fire      7%         2d3       67%         4
 Ignition                 Fire           1%         3d3       100%        8


Dungeon Overview and Level Annotations

Branches:
Dungeon (3/15)

Altars:
Elyvilon

Shops:
D:2 =   D:3 ?!


Innate Abilities, Weirdness & Mutations

You have a beak for a mouth.
You have claws for feet.


Message History

You feel ready to tumble and roll out of harm's way.
r - an amulet of the acrobat (around neck)
The zap hits the gnoll but does no damage.
A gnoll comes into view. It is wielding a +0 spear.
A gnoll comes into view. It is wielding a +0 flail.
The gnoll shouts! x2; You hear a shout!
The gnoll throws a throwing net.
The throwing net misses you.
A gnoll comes into view. It is wielding a +0 halberd.
The gnoll completely misses you. The gnoll barely misses you.
Casting: Shock (safe; 3% risk of failure)
Confirm with . or Enter, or press ? or * to list all spells.
Okay, then.
Casting: Shock (safe; 3% risk of failure)
Confirm with . or Enter, or press ? or * to list all spells.
The gnoll is struck by an arc of lightning.
The gnoll is moderately wounded.
You are struck by an arc of lightning.
The gnoll is struck by an arc of lightning.
The gnoll is lightly wounded.
The lightning grounds out.
The gnoll is struck by an arc of lightning.
The gnoll is heavily wounded.
The gnoll is struck by an arc of lightning.
The gnoll is moderately wounded.
The lightning grounds out.
The gnoll hits you with a +0 flail. The gnoll misses you.
The gnoll hits you from afar with a +0 halberd!
Ouch! That really hurt!
The gnoll misses you.
Casting: Static Discharge (safe; 5% risk of failure)
Confirm with . or Enter, or press ? or * to list all spells.
The gnoll is struck by an arc of lightning.
The gnoll is heavily wounded.
You are struck by an arc of lightning.
* * * LOW HITPOINT WARNING * * *
The gnoll is struck by an arc of lightning.
The gnoll is severely wounded.
The lightning grounds out.
The gnoll barely misses you. The gnoll hits you with a +0 spear!
You die...

............................##...
..###........#....##.#...... #...
..#.#......#.#....# . #...
....#......+.#.##.# .# # #...
.##.#......#.#.# .#..#.# #...
.............#.##.#..... .....
##.#.......###.........# ####.
.............#.gg.∩..... ##
##.#..##.###....@.g....# ..
............(...∩g∩..#.# #..
##.......##.....####.# #.
#.#............# # ..# .#.#
...............# #.##.#.#
#............#.## #......# +
...........#.# #########.#...## #
........†#.# #.............#♣
.......#.#)###.............#♣


You could see 4 gnolls.

Vanquished Creatures
  An adder (D:3)
  2 worms (D:3)
  5 dart slugs
  An orc (D:3)
  7 endoplasms
  3 giant cockroaches
  6 goblins
  8 hobgoblins
  3 jackals (D:3)
  3 quokkas
  5 ball pythons
  6 bats
  4 frilled lizards
  5 kobolds
  10 rats
69 creatures vanquished.

Notes
Turn   | Place    | Note
-------+----------+-------------------------------------------
     0 | D:1      | Hubris850 the Tengu Air Elementalist began the quest for
                  | the Orb.
     0 | D:1      | Reached XP level 1. HP: 10/10 MP: 4/4
   292 | D:1      | Reached XP level 2. HP: 15/15 MP: 1/6
   722 | D:1      | Reached XP level 3. HP: 19/19 MP: 4/7
   960 | D:1      | Found a faded altar of an unknown god.
  1555 | D:2      | Found Atziy's Jewellery Shoppe.
  1966 | D:2      | Reached XP level 4. HP: 24/24 MP: 4/8
  2033 | D:2      | Learned a level 2 spell: Static Discharge
  2038 | D:2      | Learned a level 4 spell: Airstrike
  2733 | D:3      | Found Hywnaig's Distillery.
  3018 | D:3      | Found a white marble altar of Elyvilon.
  3183 | D:3      | Found Bovymuel's Magic Scroll Shoppe.
  3200 | D:3      | Slain by a gnoll

Illustrated notes

Levels and vault maps discovered:
D:1:      evilmike_arrival_hilbert_curve, layout_loops_ring,
          hellmonk_ecumenical_altar_slurped_away, minmay_rat_gold_closets
D:2:      layout_basic, serial_shops, nicolae_shop_advertising_works
          [nicolae_subvault_shop_adworks]
D:3:      layout_basic, kennysheep_ying_yang, serial_shops,
          nicolae_shop_competitors_out_of_business, nicolae_shop_hallway_plus,
          hex_large, grunt_ministairs_12

Skill      XL: |  1  2 |
---------------+-------+-----
Conjurations   | 2 |  2.9
Dodging        | |  2.9
Stealth        | |  2.8
Spellcasting   | |  2.7
Air Magic      | |  4.7

Action                     |  1- 3 |  4- 6 || total
---------------------------+-------+-------++-------
  Melee: Dagger            |     7 |     7 ||    14
         Unarmed           |     3 |       ||     3
         Kick              |     2 |     2 ||     4
         Peck              |     1 |     1 ||     2
  Throw: Dart              |       |     2 ||     2
   Cast: Shock             |    89 |    37 ||   126
         Static Discharge  |       |     5 ||     5
 Armour: Robe              |     1 |     2 ||     3
  Dodge: Dodged            |    10 |    13 ||    23

Table legend: (Time is in decaauts)
 A = Elapsed time spent in this place.
 B = Non-inter-level travel time spent in this place.
 C = Inter-level travel time spent in this place.
 D = Time resting spent in this place.
 E = Time spent auto-exploring this place.
 F = Levels seen in this place.
 G = Mean time per level.
                   A        B        C        D        E       F      G
               +--------+--------+--------+--------+--------+-----+--------+
         Total |   3198 |   3126 |     72 |    104 |   2688 |   3 | 1066.0 |
       Dungeon |   3198 |   3126 |     72 |    104 |   2688 |   3 | 1066.0 |
               +--------+--------+--------+--------+--------+-----+--------+

Top non-repeatable levels by time:
     D:1: 1509 daAuts
     D:2: 946 daAuts
     D:3: 742 daAuts
